 Dungeon Crawl Stone Soup version 0.30-a0-760-g5a9884bb7c (webtiles) character file.

Game seed: 17576083456611845455

0 Mickster the Sneak (level 1, -2/18 HPs)
             Began as a Demigod Delver on Feb 12, 2023.
             Killed by nerve-wracking pain
             ... invoked by a shadow imp
              (13 damage)
             ... on level 5 of the Dungeon.
             The game lasted 00:00:10 (12 turns).

Mickster the Sneak (Demigod Delver)                   Turns: 12, Time: 00:00:10

Health: -2/18      AC:  3    Str: 13    XL:     1   Next: 0%
Magic:  3/3        EV: 11    Int: 12    God:
Gold:   0          SH:  0    Dex: 15    Spells: 0/0 levels left

rFire   . . .      SeeInvis .    a - +0 hand axe
rCold   . . .      Faith    .    (no shield)
rNeg    . . .      Spirit   .    b - +0 leather armour
rPois   .          Reflect  .    (no helmet)
rElec   .          Harm     .    (no cloak)
rCorr   .          Rampage  .    (no gloves)
Will    .....                    (no boots)
Stlth   +++                      (no amulet)
HPRegen 0.23/turn                (no ring)
MPRegen 0.08/turn                (no ring)

@: no status effects
A: high MP 1, forlorn, divine attributes
a: no special abilities


You were on level 5 of the Dungeon.
You visited 1 branch of the dungeon, and saw 1 of its levels.

Inventory:

Hand Weapons
 a - a +0 hand axe (weapon)
Armour
 b - a +0 leather armour (worn)
Wands
 g - a wand of digging (3)
Scrolls
 c - a scroll of fog
 d - a scroll of magic mapping
 e - a scroll of fear
 h - a scroll of identify {unknown}
 i - a scroll of vulnerability {unknown}
Potions
 f - a potion of haste


   Skills:
 + Level 2.6 Fighting
 + Level 1.7 Axes
 + Level 1.7 Dodging
 + Level 4.5 Stealth


You couldn't memorise any spells.
You didn't know any spells.
Your spell library was empty.

Dungeon Overview and Level Annotations

Branches:
Dungeon (5/15)
 Temple: D:4-7


Innate Abilities, Weirdness & Mutations

You have an increased reservoir of magic. (+10% MP)
You shall have no god before yourself.
Your divine heritage dramatically boosts your attributes as you level up.


Message History

Welcome, Mickster the Demigod Delver.
A smirking vizier told you that the Orb of Zot is just within this dungeon.
Press ? for a list of commands and other information.
Found three items.
Found a stone staircase leading down.
An orc comes into view. It is wielding a +3 falchion.
The orc shouts!
You see here a scroll labelled EBIKLO WEZI.
A shadow imp comes into view.
You see here a scroll labelled QEXYKL YRAIGOABO.
An ogre comes into view. It is wielding a +0 giant club.
You see here a scroll labelled EBIKLO WEZI.
h - a scroll labelled EBIKLO WEZI The orc hits you with a +3 falchion.
The orc hits you with a +3 falchion.
You see here a scroll labelled QEXYKL YRAIGOABO.
i - a scroll labelled QEXYKL YRAIGOABO The orc hits you but does no damage.
The shadow imp shouts, "Remove thy stench, thou rough-hewn onion-eyed haggard!"
The ogre shouts!
You hit the orc.
The orc is almost dead.
The orc barely misses you.
You hit the orc.
You kill the orc!
The shadow imp gestures at you. Pain shoots through your body!
Ouch! That really hurt!
You die...

. #...# ....# ..
+...# #....# ...
#...# .....#
.$..#...##.....#
.............O.
..........##.#
.......>.....# #
........#....#.#
........+...@..#
...#....####)#.#
.. #....# #.....
# ######
.....5..
.........
#..##..#.# #...
..... #... .#.


You could see an ogre and a shadow imp.

Vanquished Creatures
  An orc (D:5)
1 creature vanquished.

Notes
Turn   | Place    | Note
-------+----------+-------------------------------------------
     0 | D:5      | Mickster the Demigod Delver began the quest for the Orb.
     0 | D:5      | Reached XP level 1. HP: 18/18 MP: 3/3
     7 | D:5      | Noticed an ogre
    12 | D:5      | Killed from afar by a shadow imp

Illustrated notes

Levels and vault maps discovered:
D:5:      layout_basic, mainiacjoe_overflow_cross_hatched

Action                     || total
---------------------------++-------
  Melee: Hand axe          ||     2
 Armour: Leather armour    ||     1
  Dodge: Dodged            ||     1

Table legend: (Time is in decaauts)
 A = Elapsed time spent in this place.
 B = Non-inter-level travel time spent in this place.
 C = Inter-level travel time spent in this place.
 D = Time resting spent in this place.
 E = Time spent auto-exploring this place.
 F = Levels seen in this place.
 G = Mean time per level.
                   A        B        C        D        E       F      G
               +--------+--------+--------+--------+--------+-----+--------+
         Total |     12 |     12 |      0 |      0 |      0 |   1 |   12.0 |
       Dungeon |     12 |     12 |      0 |      0 |      0 |   1 |   12.0 |
               +--------+--------+--------+--------+--------+-----+--------+

Top non-repeatable levels by time:
     D:5: 12 daAuts
